 Dungeon Crawl Stone Soup version 0.28.0 (webtiles) character file.

Game seed: 7238342603252226601

80 inmateoo the Covered (level 4, 0/40 HPs)
             Began as a Minotaur Fighter on Feb 10, 2022.
             Killed by nerve-wracking pain
             ... invoked by an orc priest
              (14 damage)
             ... on level 3 of the Dungeon.
             The game lasted 00:00:54 (1781 turns).

inmateoo the Covered (Minotaur Fighter)             Turns: 1781, Time: 00:00:54

Health: 0/40       AC:  7    Str: 22    XL:     4   Next: 18%
Magic:  3/3        EV:  9    Int:  5    God:
Gold:   91         SH:  4    Dex: 10    Spells: 3/3 levels left

rFire   . . .      SeeInvis .   a - +0 war axe
rCold   . . .      Faith    .   c - +0 buckler
rNeg    . . .      Spirit   .   b - +0 scale mail
rPois   .          Reflect  .   (helmet restricted)
rElec   .          Harm     .   (no cloak)
rCorr   .          Rampage  .   (no gloves)
Will    .....                   (no boots)
Stlth   ..........              (no amulet)
HPRegen 0.13/turn               (no ring)
MPRegen 0.08/turn               (no ring)

@: no status effects
A: horns 2, retaliatory headbutt
a: no special abilities


You were on level 3 of the Dungeon.
You visited 1 branch of the dungeon, and saw 3 of its levels.

You collected 91 gold pieces.

Inventory:

Hand Weapons
 a - a +0 war axe (weapon)
Armour
 b - a +0 scale mail (worn)
 c - a +0 buckler (worn)
Scrolls
 e - a scroll of identify {unknown}
 f - a scroll of fog {unknown}
 j - a scroll of enchant armour {unknown}
Potions
 d - a potion of might
 g - a potion of lignification {unknown}
 h - a potion of curing {unknown}
 i - a potion of degeneration {unknown}


   Skills:
 + Level 4.2 Fighting
 * Level 3.9 Axes
 + Level 4.2 Armour
 + Level 4.2 Shields


You had 3 spell levels left.
You didn't know any spells.
Your spell library was empty.

Dungeon Overview and Level Annotations

Branches:
Dungeon (3/15)

Altars:


Innate Abilities, Weirdness & Mutations

You have a pair of horns on your head.
You reflexively headbutt those who attack you in melee.


Message History

No target in view!
An orc comes into view. It is wielding a +0 mace.
The orc shouts!
You hear a shout!
An orc comes into view. It is wielding a +0 club.
An orc comes into view.
It is wielding a +2 trident of protection.
The orc shouts! x2
There are monsters nearby!
Found a stone staircase leading down.
There are monsters nearby!
Found a scroll labelled EPUERACHEU.
A goblin comes into view. It is wielding a +0 dagger.
The orc misses you. You furiously retaliate!
You headbutt the orc.
There are monsters nearby!
The goblin shouts!
You hit the orc but do no damage.
The orc is lightly wounded.
You hit the orc. You block the orc's attack.
The orc hits you but does no damage.
The orc hits you from afar with a +2 trident of protection.
You slash the orc!
You kill the orc!
You hit the orc but do no damage. The orc hits you with a +0 mace.
The orc barely misses you. The orc hits you but does no damage.
You slash the orc!
You kill the orc!
The orc hits you from afar with a +2 trident of protection!
The orc barely misses you.
An orc priest comes into view. It is wielding a +0 mace.
The orc hits you but does no damage. The goblin hits you but does no damage.
Things that are here:
a +0 mace; a +0 chain mail You closely miss the orc.
You hit the goblin.
You kill the goblin!
The orc hits you with a +2 trident of protection!
You are too injured to fight recklessly!
You are too injured to fight recklessly!
You block the orc's attack.
The orc priest invokes the aid of Beogh against you.
Pain shoots through your body!
You die...

#(. ... #.# #.# #### #.#
#.. ## #.# #.# .. ######
###.###)###.##
..#.###......)oo...#
#.#....)....#)@....#
#.#.###.#.#.......>#
#.).......#.#......?..
.####.###.#.#.#..#.....#
..........#.#.#.##.#####
#####.#...###.#.. ..
#.....<....#.... ##
#.##..[..#.# ## #
###.### #


You could see an orc priest and an orc.

Vanquished Creatures
  2 adders (D:2)
  A worm (D:2)
  A dart slug (D:1)
  4 orcs (D:3)
  9 ball pythons
  5 endoplasms
  A giant cockroach (D:1)
  8 goblins
  2 hobgoblins (D:1)
  3 jackals (D:1)
  3 kobolds (D:1)
  3 quokkas
  2 bats (D:1)
  2 frilled lizards (D:2)
  4 rats
50 creatures vanquished.

Vanquished Creatures (others)
  3 plants (D:2)
3 creatures vanquished.

Grand Total: 53 creatures vanquished

Notes
Turn   | Place    | Note
-------+----------+-------------------------------------------
     0 | D:1      | inmateoo the Minotaur Fighter began the quest for the Orb.
     0 | D:1      | Reached XP level 1. HP: 19/19 MP: 0/0
    59 | D:1      | Reached XP level 2. HP: 25/27 MP: 1/1
   259 | D:1      | You fall into a shaft and drop 1 floor!
   722 | D:2      | Reached XP level 3. HP: 19/33 MP: 2/2
  1220 | D:1      | Found a faded altar of an unknown god.
  1544 | D:2      | Reached XP level 4. HP: 40/40 MP: 3/3
  1781 | D:3      | Killed from afar by an orc priest

Illustrated notes

Levels and vault maps discovered:
D:1:      evilmike_arrival_hilbert_curve, layout_rooms,
          hellmonk_ecumenical_altar_arch_garden
D:2:      layout_basic, minmay_misc_feat_x, chequers_hall_statues_corner_a,
          minmay_shallow_snake_nest
D:3:      layout_basic, dk_noncrumbling_2

Skill      XL: |  1  2  3 |
---------------+----------+-----
Axes           | 3 |  3.9
Armour         | 4 |  4.2
Shields        | 4 |  4.2
Fighting       | 4 |  4.2

Action                   |  1- 3 |  4- 6 || total
-------------------------+-------+-------++-------
Melee: War axe           |    73 |    13 ||    86
       Headbutt          |     8 |     2 ||    10
Armor: Scale mail        |    36 |    10 ||    46
Dodge: Dodged            |    31 |     8 ||    39
Block: Buckler           |    14 |     3 ||    17
